 Dungeon Crawl Stone Soup version 0.19.1-1-g22dce08 (webtiles) character file.

130 loralnil the Shield-Bearer (level 5, -1/28 HPs)
             Began as a Vine Stalker Fighter on Dec 30, 2016.
             Slain by an ogre
             ... wielding a cursed +0 giant spiked club
              (11 damage)
             ... on level 3 of the Dungeon.
             The game lasted 00:04:27 (2133 turns).

loralnil the Shield-Bearer (Vine Stalker Fighter)   Turns: 2133, Time: 00:04:28

Health: -1/28      AC:  9    Str: 20    XL:     5   Next: 14%
Magic:  0/6        EV:  7    Int:  8    God:
Gold:   82         SH:  9    Dex: 13    Spells: 0 memorised, 4 levels left

rFire  . . .     SeeInvis .     a - +0 long sword
rCold  . . .     Gourm    .     b - +0 scale mail
rNeg   . . .     Faith    .     c - +0 shield
rPois  +         Spirit   +     (no helmet)
rElec  .         Reflect  .     (no cloak)
rCorr  .         Harm     .     (no gloves)
MR     .....                    (no boots)
Stlth  ..........               (no amulet)
                                q - +3 ring of protection
                                j - ring of poison resistance

@: no status effects
A: fangs 2, regeneration 1, magic shield, antimagic bite, no device heal 3, rot
immunity
a: no special abilities


You were on level 3 of the Dungeon.
You were not hungry.

You visited 1 branch of the dungeon, and saw 4 of its levels.

You collected 82 gold pieces.

Inventory:

Hand Weapons
 a - a +0 long sword (weapon)
Armour
 b - a +0 scale mail (worn)
 c - a +0 shield (worn)
Jewellery
 j - a ring of poison resistance (left hand)
 p - an uncursed ring of ice
 q - a +3 ring of protection (right hand)
Scrolls
 l - a scroll of remove curse
Potions
 d - a potion of might
 e - 3 potions of curing
 g - 2 potions of flight
 h - 2 potions of lignification
 k - a potion of brilliance
 m - a potion of mutation
 n - a potion of heal wounds {unknown}
Comestibles
 f - a bread ration
 i - a royal jelly
 r - a meat ration


   Skills:
 + Level 3.0 Fighting
 + Level 2.8 Long Blades
 + Level 3.3 Armour
 + Level 0.4 Dodging
 + Level 3.4 Shields


You had 4 spell levels left.
You didn't know any spells.

Dungeon Overview and Level Annotations

Branches:
Dungeon (4/15)
 Temple: D:4-7

Altars:


Innate Abilities, Weirdness & Mutations

You have extremely sharp teeth.
Your natural rate of healing is unusually fast.
When hurt, damage is shared between your health and your magic reserves.
Your bite disrupts and absorbs the magic of your enemies.
Potions and wands cannot restore your health.
You are immune to rotting.


Message History

A gnoll comes into view. It is wielding a spear.
The giant cockroach waves its antennae.
A gnoll comes into view. It is wielding a flail.
There is a stone staircase leading up here.
You block the ogre's attack.
You climb upwards.
There is a stone staircase leading down here.
You slash the ogre! You bite the ogre. You drain its power.
You feel invigorated.
The ogre is moderately wounded.
The ogre hits you with a giant spiked club!
You barely miss the ogre. You bite the ogre. You drain its power.
You feel invigorated.
The ogre is moderately wounded.
The ogre hits you but does no damage.
Your shield and scale mail prevent you from hitting the ogre.
You bite the ogre, but do no damage.
The ogre is moderately wounded.
The ogre hits you with a giant spiked club!
You die...

#...###..#######........#
...####.................#
...<............###.....#
.######........## #.....########
.# ##..###### #.....#......#
.#### #(...#######............#
....# ##.#..#..........#......#
###.## #.##.....####.#.#......#
#..####.....##@## #)#.#......#
##...##..#####.O###.#.#......#
###.(..>.# ##<..#...###.####
#########...# ###.....# #..(.#
..........#.## ###...######.#
###########..##### ##....## #†#
.#########.......## #..#..###.#
.....)...........>####..##..##.##
########...........##............


You could see an ogre.

Vanquished Creatures
  An orc wizard (D:3)
  2 adders
  An ooze (D:1)
  3 worms (D:3)
  2 dart slugs
  2 leopard geckos (D:2)
  4 orcs (D:3)
  3 ball pythons
  6 bats
  6 giant cockroaches
  9 goblins
  6 hobgoblins
  A quokka (D:3)
  2 frilled lizards (D:2)
  3 kobolds (D:1)
  4 rats
55 creatures vanquished.

Notes
Turn   | Place    | Note
-------+----------+-------------------------------------------
     0 | D:1      | loralnil the Vine Stalker Fighter began the quest for the Orb.
     0 | D:1      | Reached XP level 1. HP: 11/11 MP: 2/2
    74 | D:1      | Reached XP level 2. HP: 16/16 MP: 3/3
   344 | D:1      | Reached XP level 3. HP: 14/19 MP: 4/4
  1269 | D:2      | Found a faded altar of an unknown god.
  1350 | D:2      | Gained mutation: Your natural rate of healing is unusually fast. [Vine Stalker growth]
  1350 | D:2      | Reached XP level 4. HP: 17/23 MP: 5/5
  1716 | D:3      | Reached XP level 5. HP: 20/28 MP: 6/6
  2109 | D:4      | Noticed an ogre
  2133 | D:3      | Slain by an ogre

Skill      XL: |  1  2  3  4 |
---------------+-------------+-----
Long Blades    | 2 |  2.8
Shields        | 3 |  3.4
Armour         | 3 |  3.3
Fighting       | 3 |  3.0
Dodging        | |  0.4

Action                   |  1- 3 |  4- 6 || total
-------------------------+-------+-------++-------
Melee: Long sword        |   109 |    74 ||   183
       Bite              |    23 |    30 ||    53
  Use: Scroll            |     4 |     6 ||    10
  Eat: Chunk             |     2 |     2 ||     4
Armor: Scale mail        |    39 |    13 ||    52
Dodge: Dodged            |    26 |    28 ||    54
Block: Shield            |    59 |    38 ||    97
       Rpst.: Long sword |     3 |    12 ||    15
